 Dungeon Crawl Stone Soup version 0.31-a0-557-g6e16503903 (webtiles) character file.

Game seed: 13635530362389181755

81 cforsyth the Charlatan (level 4, -3/34 HPs)
             Began as a Gnoll Artificer on Aug 17, 2023.
             Blown up by Ijyb (13 damage)
             ... with a mindburst bolt
             ... on level 2 of the Dungeon.
             The game lasted 00:03:46 (1647 turns).

cforsyth the Charlatan (Gnoll Artificer)            Turns: 1647, Time: 00:03:46

Health: -3/34      AC:  3    Str: 10 (12) XL:     4   Next: 40%
Magic:  5/5        EV: 11    Int: 11 (12) God:
Gold:   139        SH:  3    Dex:  9 (12) Spells: 5/5 levels left

rFire   . . .        g - +2 whip (elec)
rCold   . . .        l - +0 buckler
rNeg    . . .        b - +0 leather armour
rPois   .            (no helmet)
rElec   .            (no cloak)
rCorr   .            (no gloves)
SInv    .            (no boots)
Will    .....        (no amulet)
Stlth   ++           m - ring of flight
HPRegen 0.25/turn    (no ring)
MPRegen 0.09/turn

%: no passive effects
@: flying
A: fangs 1, strong nose, distributed training
a: no special abilities


You were on level 2 of the Dungeon.
You visited 1 branch of the dungeon, and saw 2 of its levels.

You collected 139 gold pieces.

Inventory:

Hand Weapons
 g - a +2 whip of electrocution (weapon)
Armour
 b - a +0 leather armour (worn)
 l - a +0 buckler (worn)
Jewellery
 m - a ring of flight (left hand)
Wands
 c - a wand of flame (10) (quivered)
 d - a wand of charming (11)
 e - a wand of iceblast (5)
Scrolls
 f - a scroll of identify {unknown}
 i - a scroll of poison {unknown}
 j - a scroll of silence {unknown}
 k - a scroll of torment {unknown}
Potions
 a - a potion of curing {unknown}
 h - 2 potions of heal wounds {unknown}


   Skills:
 + Level 2.7 Fighting
 + Level 1.1 Short Blades
 + Level 1.1 Long Blades
 + Level 1.1 Axes
 + Level 1.1 Maces & Flails
 + Level 1.1 Polearms
 + Level 1.1 Staves
 + Level 1.1 Ranged Weapons
 + Level 1.1 Throwing
 + Level 4.6 Armour
 + Level 2.7 Dodging
 + Level 2.5 Stealth
 + Level 1.1 Shields
 + Level 1.1 Unarmed Combat
 + Level 1.1 Spellcasting
 + Level 0.9 Conjurations
 + Level 0.9 Hexes
 + Level 0.9 Summonings
 + Level 0.9 Necromancy
 + Level 0.9 Translocations
 + Level 0.9 Transmutations
 + Level 0.9 Fire Magic
 + Level 0.9 Ice Magic
 + Level 0.9 Air Magic
 + Level 0.9 Earth Magic
 + Level 0.9 Poison Magic
 + Level 1.2 Invocations
 + Level 6.6 Evocations
 + Level 0.9 Shapeshifting


You had 5 spell levels left.
You didn't know any spells.
Your spell library was empty.

Dungeon Overview and Level Annotations

Branches:
Dungeon (2/15)

Altars:

Annotations:
D:2 Ijyb


Innate Abilities, Weirdness & Mutations

You have very sharp teeth.
Your uncanny sense of smell can sniff out nearby items.
Your experience applies equally to all skills.


Message History

* * * LOW HITPOINT WARNING * * *
The goblin shoots a sling bullet.
The sling bullet barely misses you. Ijyb hits you with a +0 club.
* * * LOW HITPOINT WARNING * * *
The goblin unwields a +0 sling.
The goblin wields a +0 club.
The goblin barely misses you.
Items here: ))) †.
Unknown command.
Unknown command.
Aiming: Charm
Press: ? - help, Shift-Dir - straight line, f - Ijyb
Aim: Ijyb, wielding a +0 club, wearing a +3 leather armour of positive energy and carrying a wand of mindburst (chance to affect: 73%) Ijyb struggles to resist.
Ijyb misses you.
Aiming: Charm
Press: ? - help, Shift-Dir - straight line, f/p - Ijyb
Aim: Ijyb, wielding a +0 club, wearing a +3 leather armour of positive energy and carrying a wand of mindburst (chance to affect: 73%) Ijyb is charmed.
The goblin barely misses you.
You miss the goblin. The goblin closely misses you.
Ijyb hits the goblin with a +0 club.
The goblin dies!
What are your orders? t - Bark!
Orders for allies: a - Attack new target. p - Attack previous target. r - Retreat! s - Stop attacking. g - Guard the area. f - Follow me.
Anything else - Cancel.
Retreat in which direction?
Press: ? - help, Dir - move target, p - Ijyb Fall back!
You see here an adder skeleton.
You see here an adder skeleton.
Ijyb is no longer charmed.
Ijyb hits you with a +0 club.
* * * LOW HITPOINT WARNING * * *
Aiming: Throw Flame
Press: ? - help, Shift-Dir - straight line, f - Ijyb
Aim: Ijyb, wielding a +0 club, wearing a +3 leather armour of positive energy and carrying a wand of mindburst (67% to hit)
The puff of flame hits Ijyb.
Ijyb is moderately wounded.
Ijyb zaps a wand.
Your mind is blasted!
You die...

..###........##..[.?..###....#
#.# #......#..###########..).####
#.###......##................'...
#............#####.##........####
############÷# #............### #
##########÷#####.............#. #
#..........#...#.......#####... #
#.#######..#<#.#.......# ###. #
#.# #.....###@#.......# #. ###.#
#.......g.#.......# #. .##.#
#####.............# #. ###.#
#######.......# #.
###.##############.......# #.
......#..................# #.
......#..................# #.
......#..................# #.
......#..................########


You could see Ijyb.

Vanquished Creatures
  2 adders (D:2)
  A dart slug (D:1)
  6 ball pythons
  7 bats
  5 endoplasms (D:1)
  3 giant cockroaches
  7 goblins (D:2)
  4 hobgoblins (D:1)
  3 jackals (D:2)
  2 quokkas
  4 frilled lizards (D:1)
  A kobold (D:1)
  4 rats
49 creatures vanquished.

Vanquished Creatures (collateral kills)
  An adder (D:2)
  A goblin (D:2)
2 creatures vanquished.

Grand Total: 51 creatures vanquished

Notes
Turn   | Place    | Note
-------+----------+-------------------------------------------
     0 | D:1      | cforsyth the Gnoll Artificer began the quest for the Orb.
     0 | D:1      | Reached XP level 1. HP: 17/17 MP: 1/1
     9 | D:1      | Found a faded altar of an unknown god.
   178 | D:1      | Reached XP level 2. HP: 16/23 MP: 2/2
   476 | D:1      | Reached XP level 3. HP: 23/28 MP: 3/3
   953 | D:2      | Reached skill level 1 in Invocations
   996 | D:2      | HP: 1/28 [poisoned by an adder]
  1137 | D:2      | Reached skill level 1 in Short Blades
  1137 | D:2      | Reached skill level 1 in Long Blades
  1137 | D:2      | Reached skill level 1 in Axes
  1137 | D:2      | Reached skill level 1 in Maces & Flails
  1137 | D:2      | Reached skill level 1 in Polearms
  1137 | D:2      | Reached skill level 1 in Staves
  1137 | D:2      | Reached skill level 1 in Ranged Weapons
  1137 | D:2      | Reached skill level 1 in Throwing
  1137 | D:2      | Reached skill level 1 in Shields
  1137 | D:2      | Reached skill level 1 in Unarmed Combat
  1137 | D:2      | Reached skill level 1 in Spellcasting
  1216 | D:2      | Reached XP level 4. HP: 8/34 MP: 5/5
  1579 | D:2      | Noticed Ijyb
  1598 | D:2      | HP: 1/34 [Ijyb/+0 club (5)]
  1647 | D:2      | Blown up by Ijyb

Illustrated notes

Levels and vault maps discovered:
D:1:      spicycebolla_green_bress_n_ham_2, layout_basic,
          basic_ecumenical_altar, minmay_statues_item, minmay_pentomino_r2
D:2:      kennysheep_the_goblin_king, layout_basic, serial_shops, shop

Skill      XL: |  1  2  3 |
---------------+----------+-----
Invocations    | 1 |  1.2
Short Blades   | 1 |  1.1
Long Blades    | 1 |  1.1
Axes           | 1 |  1.1
Maces & Flails | 1 |  1.1
Polearms       | 1 |  1.1
Staves         | 1 |  1.1
Ranged Weapons | 1 |  1.1
Throwing       | 1 |  1.1
Shields        | 1 |  1.1
Unarmed Combat | 1 |  1.1
Spellcasting   | 1 |  1.1
Fighting       | |  2.7
Armour         | |  4.6
Dodging        | |  2.7
Stealth        | |  2.5
Conjurations   | |  0.9
Hexes          | |  0.9
Summonings     | |  0.9
Necromancy     | |  0.9
Translocations | |  0.9
Transmutations | |  0.9
Fire Magic     | |  0.9
Ice Magic      | |  0.9
Air Magic      | |  0.9
Earth Magic    | |  0.9
Poison Magic   | |  0.9
Evocations     | |  6.6
Shapeshifting  | |  0.9

Action                     |  1- 3 |  4- 6 || total
---------------------------+-------+-------++-------
  Melee: Club              |    38 |       ||    38
         Bite              |     9 |     2 ||    11
         Whip              |    81 |    30 ||   111
  Evoke: Wand              |     3 |     6 ||     9
    Use: Potion            |     2 |       ||     2
   Stab: Sleeping          |     3 |       ||     3
 Armour: Leather armour    |    47 |     9 ||    56
  Dodge: Dodged            |    84 |    22 ||   106
  Block: Buckler           |     8 |     6 ||    14

Table legend: (Time is in decaauts)
 A = Elapsed time spent in this place.
 B = Non-inter-level travel time spent in this place.
 C = Inter-level travel time spent in this place.
 D = Time resting spent in this place.
 E = Time spent auto-exploring this place.
 F = Levels seen in this place.
 G = Mean time per level.
                   A        B        C        D        E       F      G
               +--------+--------+--------+--------+--------+-----+--------+
         Total |   1670 |   1656 |     14 |      0 |   1246 |   2 |  835.0 |
       Dungeon |   1670 |   1656 |     14 |      0 |   1246 |   2 |  835.0 |
               +--------+--------+--------+--------+--------+-----+--------+

Top non-repeatable levels by time:
     D:1: 923 daAuts
     D:2: 747 daAuts
